 Dungeon Crawl Stone Soup version 0.29-a0-483-g69413ace17 (webtiles) character file.

Game seed: 3462537659510843244

80 YayAnonymity the Shield-Bearer (level 4, -3/41 HPs)
             Began as a Gnoll Fighter on May 26, 2022.
             Frozen to death by an endoplasm (5 damage)
             ... on level 2 of the Dungeon.
             The game lasted 00:02:06 (1647 turns).

YayAnonymity the Shield-Bearer (Gnoll Fighter)      Turns: 1647, Time: 00:02:07

Health: -3/41      AC: 10    Str: 17    XL:     4   Next: 39%
Magic:  5/5        EV:  7    Int:  7    God:
Gold:   111        SH:  5    Dex: 12    Spells: 5/5 levels left

rFire   . . .      SeeInvis .   a - +1 short sword (venom)
rCold   . . .      Faith    .   c - +0 buckler
rNeg    . . .      Spirit   .   i - +0 chain mail
rPois   .          Reflect  .   (no helmet)
rElec   .          Harm     .   j - scarf {shadows}
rCorr   .          Rampage  .   (no gloves)
Will    .....                   (no boots)
Stlth   ..........              (no amulet)
HPRegen 0.13/turn               (no ring)
MPRegen 0.09/turn               (no ring)

@: no status effects
A: fangs 1, strong nose, distributed training
a: no special abilities


You were on level 2 of the Dungeon.
You visited 1 branch of the dungeon, and saw 2 of its levels.

You collected 111 gold pieces.

Inventory:

Hand Weapons
 a - a +1 short sword of venom (weapon)
 b - a +0 hunting sling
 f - a +0 trident
Missiles
 g - 7 poisoned darts (quivered)
 p - 2 throwing nets
Armour
 c - a +0 buckler (worn)
 i - a +0 chain mail (worn)
 j - a scarf of shadows (worn)
Scrolls
 h - 2 scrolls of vulnerability {unknown}
 l - a scroll of teleportation {unknown}
 m - 2 scrolls of fear {unknown}
 n - a scroll of summoning {unknown}
Potions
 d - a potion of might
 e - a potion of flight {unknown}
 k - a potion of lignification {unknown}
 o - 2 potions of degeneration {unknown}
 q - a potion of mutation {unknown}


   Skills:
 + Level 6.6 Fighting
 + Level 1.1 Short Blades
 + Level 1.1 Long Blades
 + Level 1.1 Axes
 + Level 1.1 Maces & Flails
 + Level 4.6 Polearms
 + Level 1.1 Staves
 + Level 1.1 Slings
 + Level 1.1 Bows
 + Level 1.1 Crossbows
 + Level 1.1 Throwing
 + Level 6.6 Armour
 + Level 1.1 Dodging
 + Level 1.1 Stealth
 + Level 6.6 Shields
 + Level 1.1 Unarmed Combat
 + Level 1.1 Spellcasting
 + Level 0.9 Conjurations
 + Level 0.9 Hexes
 + Level 0.9 Summonings
 + Level 0.9 Necromancy
 + Level 0.9 Translocations
 + Level 0.9 Transmutations
 + Level 0.9 Fire Magic
 + Level 0.9 Ice Magic
 + Level 0.9 Air Magic
 + Level 0.9 Earth Magic
 + Level 0.9 Poison Magic
 + Level 1.2 Invocations
 + Level 1.1 Evocations


You had 5 spell levels left.
You didn't know any spells.
Your spell library was empty.

Dungeon Overview and Level Annotations

Branches:
Dungeon (2/15)

Altars:


Innate Abilities, Weirdness & Mutations

You have very sharp teeth.
Your uncanny sense of smell can sniff out nearby items.
Your experience applies equally to all skills.


Message History

You barely miss the jackal.
You kill the worm!
The jackal closely misses you. The rat bites you.
The jackal bites you but does no damage.
You hit the rat.
The rat is poisoned.
You bite the rat, but do no damage.
The rat is heavily wounded.
The jackal bites you. The endoplasm freezes you.
You are frozen.
* * * LOW HITPOINT WARNING * * *
The rat barely misses you.
The jackal bites you but does no damage.
You miss the jackal. Your bite misses the jackal.
You kill the rat!
The endoplasm freezes you.
You are frozen.
* * * LOW HITPOINT WARNING * * *
The jackal bites you but does no damage.
You hit the endoplasm but do no damage.
The endoplasm is poisoned.
The endoplasm hits you but does no damage.
The jackal barely misses you.
You hit the jackal.
The jackal is poisoned.
The jackal is moderately wounded.
The jackal barely misses you. The endoplasm freezes you.
You are frozen.
* * * LOW HITPOINT WARNING * * *
The jackal bites you but does no damage.
You closely miss the jackal.
The jackal is moderately wounded.
The endoplasm hits you but does no damage.
The jackal bites you but does no damage.
The endoplasm freezes you.
You are frozen.
* * * LOW HITPOINT WARNING * * *
You hit the jackal.
You kill the jackal!
The endoplasm freezes you.
You are frozen.
You die...

......#..............####
........###.####.##..####
..##....###.##...##.....#########
..#.........[#.####.###..........
..#..##.####.#.# #.###..........
....##..####.#.####.##...........
..#....................##########
...................#####
##..............@..#
.#†............J†..#
...................#
................)..#
.................###
......###.........
.................. .....####.....
###### ..


You could see an endoplasm (very poisoned).

Vanquished Creatures
  2 adders (D:2)
  A worm (D:2)
  2 dart slugs
  2 ball pythons (D:2)
  3 endoplasms
  A giant cockroach (D:1)
  7 goblins
  8 hobgoblins
  5 jackals
  A quokka (D:1)
  2 bats (D:1)
  5 frilled lizards
  6 kobolds
  9 rats
54 creatures vanquished.

Notes
Turn   | Place    | Note
-------+----------+-------------------------------------------
     0 | D:1      | YayAnonymity the Gnoll Fighter began the quest for the Orb.
     0 | D:1      | Reached XP level 1. HP: 23/23 MP: 1/1
   160 | D:1      | Reached XP level 2. HP: 24/29 MP: 2/2
   652 | D:1      | You fall into a shaft and drop 1 floor!
   673 | D:2      | Reached XP level 3. HP: 35/35 MP: 3/3
   692 | D:2      | Reached skill level 1 in Invocations
  1011 | D:1      | Reached skill level 1 in Short Blades
  1011 | D:1      | Reached skill level 1 in Long Blades
  1011 | D:1      | Reached skill level 1 in Axes
  1011 | D:1      | Reached skill level 1 in Maces & Flails
  1011 | D:1      | Reached skill level 1 in Staves
  1011 | D:1      | Reached skill level 1 in Slings
  1011 | D:1      | Reached skill level 1 in Bows
  1011 | D:1      | Reached skill level 1 in Crossbows
  1011 | D:1      | Reached skill level 1 in Throwing
  1011 | D:1      | Reached skill level 1 in Dodging
  1011 | D:1      | Reached skill level 1 in Stealth
  1011 | D:1      | Reached skill level 1 in Unarmed Combat
  1011 | D:1      | Reached skill level 1 in Spellcasting
  1011 | D:1      | Reached skill level 1 in Evocations
  1287 | D:2      | Reached XP level 4. HP: 38/41 MP: 5/5
  1646 | D:2      | HP: 2/41 [frozen (4)]
  1647 | D:2      | Frozen to death by an endoplasm

Illustrated notes

Levels and vault maps discovered:
D:1:      saegor_arrival_miasma, layout_basic
D:2:      layout_rooms

Skill      XL: |  1  2  3 |
---------------+----------+-----
Invocations    | 1 |  1.2
Short Blades   | 1 |  1.1
Long Blades    | 1 |  1.1
Axes           | 1 |  1.1
Maces & Flails | 1 |  1.1
Staves         | 1 |  1.1
Slings         | 1 |  1.1
Bows           | 1 |  1.1
Crossbows      | 1 |  1.1
Throwing       | 1 |  1.1
Dodging        | 1 |  1.1
Stealth        | 1 |  1.1
Unarmed Combat | 1 |  1.1
Spellcasting   | 1 |  1.1
Evocations     | 1 |  1.1
Fighting       | |  6.6
Polearms       | |  4.6
Armour         | |  6.6
Shields        | |  6.6
Conjurations   | |  0.9
Hexes          | |  0.9
Summonings     | |  0.9
Necromancy     | |  0.9
Translocations | |  0.9
Transmutations | |  0.9
Fire Magic     | |  0.9
Ice Magic      | |  0.9
Air Magic      | |  0.9
Earth Magic    | |  0.9
Poison Magic   | |  0.9

Action                   |  1- 3 |  4- 6 || total
-------------------------+-------+-------++-------
Melee: Trident           |    34 |       ||    34
       Bite              |     9 |     3 ||    12
       Short sword       |    74 |    20 ||    94
 Fire: Hunting sling     |       |    21 ||    21
Armor: Scale mail        |    26 |       ||    26
       Chain mail        |    16 |    25 ||    41
Dodge: Dodged            |    31 |    20 ||    51
Block: Buckler           |    28 |    17 ||    45

Table legend: (Time is in decaauts)
 A = Elapsed time spent in this place.
 B = Non-inter-level travel time spent in this place.
 C = Inter-level travel time spent in this place.
 D = Time resting spent in this place.
 E = Time spent auto-exploring this place.
 F = Levels seen in this place.
 G = Mean time per level.
                   A        B        C        D        E       F      G
               +--------+--------+--------+--------+--------+-----+--------+
         Total |   1676 |   1644 |     32 |      0 |   1278 |   2 |  838.0 |
       Dungeon |   1676 |   1644 |     32 |      0 |   1278 |   2 |  838.0 |
               +--------+--------+--------+--------+--------+-----+--------+

Top non-repeatable levels by time:
     D:1: 1173 daAuts
     D:2: 503 daAuts
